 Dungeon Sprint DCSS version 0.31.0-32-g396128a36d (webtiles) character file.

Game seed: 801199899576927098

87 Heoruswealwe the Poker (level 4, -2/44 HPs)
             Began as a Minotaur Fighter on Mar 8, 2024.
             Incinerated by a bombardier beetle (6 damage)
             ... with a burning spray
             ... in the Dungeon (Sprint IX: "|||||||||||||||||||||||||||||").
             The game lasted 00:00:47 (43 turns).

Heoruswealwe the Poker (Minotaur Fighter)             Turns: 43, Time: 00:00:47

Health: -2/44      AC:  7    Str: 23    XL:     4   Next: 28%
Magic:  3/3        EV:  9    Int:  5    God:
Gold:   0          SH:  4    Dex:  9    Spells: 3/3 levels left

rFire   . . .        a - +0 trident
rCold   . . .        d - +0 buckler
rNeg    . . .        c - +0 scale mail
rPois   .            (helmet restricted)
rElec   .            (no cloak)
rCorr   .            (no gloves)
SInv    .            (no boots)
Will    .....        (no amulet) Stlth
                     (no ring)
HPRegen 0.27/turn    (no ring)
MPRegen 0.08/turn

%: no teleportation
@: on fire, glowing
A: horns 2, retaliatory headbutt
a: no special abilities


You were in the Dungeon.
You visited 1 branch

Inventory:

Hand Weapons
 a - a +0 trident (weapon)
Armour
 c - a +0 scale mail (worn)
 d - a +0 buckler (worn)
Scrolls
 j - a scroll of blinking
Potions
 b - a potion of might
 g - a potion of haste
 h - 2 potions of magic
 i - a potion of berserk rage


   Skills:
 + Level 6.2 Fighting
 * Level 7.5 Polearms
 + Level 6.2 Armour
 - Level 3.6 Shields


You had 3 spell levels left.
You didn't know any spells.
Your spell library was empty.

Dungeon Overview and Level Annotations

Branches:
Dungeon (1/1)

Altars:


Innate Abilities, Weirdness & Mutations

You have a pair of horns on your head.
You reflexively headbutt those who attack you in melee.


Message History

You are poisoned.
The adder poisons you!
You puncture the adder!
The adder is heavily wounded.
The liquid fire burns you!
You feel sick. The adder bites you.
You barely miss the adder. Your headbutt misses the adder.
The adder is heavily wounded.
The liquid fire burns you!
You feel sick. The adder completely misses you.
You hit the adder.
The adder is severely wounded.
The liquid fire burns you!
You feel sick. The adder barely misses you.
The adder bites you but does no damage.
You closely miss the adder.
The adder is severely wounded.
The liquid fire burns you!
* * * LOW HITPOINT WARNING * * *
You feel sick. You block the adder's attack.
You feel better. The liquid fire burns you!
The adder bites you but does no damage.
You hit the adder.
You kill the adder!
The liquid fire burns you!
* * * LOW HITPOINT WARNING * * *
You closely miss the scorpion. The liquid fire burns you!
* * * LOW HITPOINT WARNING * * *
The scorpion completely misses you.
You closely miss the scorpion. You headbutt the scorpion.
The scorpion is moderately wounded.
The liquid fire burns you!
* * * LOW HITPOINT WARNING * * *
The scorpion stings you but does no damage.
You completely miss the scorpion. You headbutt the scorpion!
The scorpion is heavily wounded.
The liquid fire burns you!
You die...

▓+▓
▓.▓
▓.▓
▓.▓
▓.▓
▓s▓
▓@▓
▓.▓
▓.▓
▓.▓
▓.▓
▓.▓
▓†▓
▓.▓
▓.▓


You could see a scorpion.

Vanquished Creatures
  2 bombardier beetles (D)
  2 adders (D)
  A giant cockroach (D)
  A hobgoblin (D)
  A quokka (D)
  2 rats (D)
9 creatures vanquished.

Notes
Turn   | Place    | Note
-------+----------+-------------------------------------------
     0 | D        | Heoruswealwe the Minotaur Fighter began the quest for the
                  | Orb.
     0 | D        | Reached XP level 1. HP: 19/19 MP: 0/0
     8 | D        | Reached skill level 3 in Polearms
    19 | D        | Noticed a scorpion
    19 | D        | Noticed a bombardier beetle
    19 | D        | Noticed a bombardier beetle
    22 | D        | Reached skill level 4 in Polearms
    22 | D        | Reached XP level 2. HP: 28/28 MP: 1/1
    22 | D        | Killed a bombardier beetle
    23 | D        | Reached skill level 5 in Fighting
    23 | D        | Reached skill level 6 in Polearms
    23 | D        | Reached skill level 5 in Armour
    23 | D        | Reached XP level 3. HP: 36/36 MP: 2/2
    34 | D        | Reached skill level 7 in Polearms
    34 | D        | Reached XP level 4. HP: 35/44 MP: 3/3
    43 | D        | Incinerated by a bombardier beetle

Illustrated notes

Levels and vault maps discovered:
D:        linesprint [early_d, line_temple, items_1, d_10, items_2, lair_1,
          lair_end, items_3, orc_1, orc_end, items_4, d_15, swamp_1, shoals_1,
          snake_1, spider_1, d_20, vaults_1, items_5, swamp_end, shoals_end,
          snake_end, spider_end, vaults_end, d_27, items_6, zot_1, zot_end,
          crypt_end, forest_end, elf_end, slime_end, tomb_end, abyss_end,
          pan_hell_end]

Skill      XL: |  1  2  3 |
---------------+----------+-----
Polearms       | 4 6 7 |  7.5
Fighting       | 4 5 6 |  6.2
Armour         | 4 5 6 |  6.2
Shields        | |  3.6

Action                     |  1- 3 |  4- 6 || total
---------------------------+-------+-------++-------
  Melee: Trident           |    21 |     9 ||    30
         Headbutt          |     5 |     2 ||     7
    Use: Potion            |     1 |     1 ||     2
 Armour: Scale mail        |     5 |     6 ||    11
  Dodge: Dodged            |     4 |     3 ||     7
  Block: Buckler           |     2 |     1 ||     3
